 Dungeon Crawl Stone Soup version 0.30.0-15-g856e2d3f33 (webtiles) character file.

Game seed: 16509559167805071292

2732 MacCMillion the Cleaver (level 9, 0/81 HPs)
             Began as a Hill Orc Fighter on May 19, 2023.
             Was an Initiate of Qazlal.
             Slain by a vampire mosquito (5 damage)
             ... on level 7 of the Dungeon.
             The game lasted 00:09:05 (6914 turns).

MacCMillion the Cleaver (Hill Orc Fighter)          Turns: 6914, Time: 00:09:05

Health: 0/81       AC: 10    Str: 23    XL:     9   Next: 67%
Magic:  11/11      EV:  9    Int:  8    God:    Qazlal [......]
Gold:   352        SH:  9    Dex: 10    Spells: 8/8 levels left

rFire   . . .        a - +0 war axe (chaos)
rCold   . . .        c - +0 buckler
rNeg    . . .        b - +0 scale mail
rPois   +            (no helmet)
rElec   .            (no cloak)
rCorr   .            F - +1 pair of gloves
SInv    .            (no boots)
Will    +....        t - amulet of reflection Stlth
                     j - ring of willpower
HPRegen 0.33/turn    C - ring of poison resistance
MPRegen 0.12/turn

%: reflection
@: no status effects
A: no striking features
a: Renounce Religion


You were on level 7 of the Dungeon.
You worshipped Qazlal.
Qazlal was noncommittal.
You visited 2 branches of the dungeon, and saw 8 of its levels.

You collected 352 gold pieces.

Inventory:

Hand Weapons
 a - a +0 war axe of chaos (weapon)
Missiles
 H - 6 javelins (quivered)
Armour
 b - a +0 scale mail (worn)
 c - a +0 buckler (worn)
 F - a +1 pair of gloves (worn)
Jewellery
 j - a ring of willpower (left hand)
 p - a ring of flight
 t - an amulet of reflection (around neck)
 C - a ring of poison resistance (right hand)
 G - a ring of resist corrosion
Wands
 d - a wand of roots (23)
 q - a wand of digging (6)
 r - a wand of flame (18)
 y - a wand of quicksilver (14)
 D - a wand of charming (4)
Scrolls
 f - a scroll of poison
 i - a scroll of noise {unknown}
 k - 2 scrolls of identify
 m - 2 scrolls of magic mapping
 n - a scroll of enchant armour
 v - a scroll of amnesia {unknown}
 z - 3 scrolls of blinking
 E - a scroll of enchant weapon {unknown}
Potions
 e - 2 potions of magic {unknown}
 g - 2 potions of heal wounds {unknown}
 h - 2 potions of curing
 l - a potion of haste {unknown}
 o - 2 potions of mutation {unknown}
 s - 2 potions of invisibility {unknown}
 u - a potion of resistance
 w - a potion of degeneration {unknown}
 x - a potion of attraction {unknown}
 A - 2 potions of cancellation {unknown}
 B - 2 potions of berserk rage {unknown}


   Skills:
 + Level 8.0 Fighting
 - Level 12.0 Axes
 + Level 7.6 Armour
 - Level 4.0 Shields
 + Level 3.3 Invocations


You had 8 spell levels left.
You didn't know any spells.
Your spell library contained the following spells:

 Spells                   Type           Power      Damage    Failure   Level
 Beastly Appendage        Tmut           0%         N/A       75%         1
 Wereblood                Tmut           0%         N/A       87%         2
 Spider Form              Tmut/Pois      0%         N/A       98%         3


Dungeon Overview and Level Annotations

Branches:
Dungeon (7/15)             Temple (1/1) D:6

Altars:
Cheibriados
Kikubaaqudgha
Nemelex Xobeh
Qazlal
Vehumet
The Shining One

Shops:
D:2 =   D:7 [

Annotations:
D:7 1 runed translucent door, Crazy Yiuf


Message History

You closely miss the vampire mosquito.
You block the vampire mosquito's attack.
The vampire mosquito bites you!
The vampire mosquito draws strength from your injuries!
The vampire mosquito bites you but does no damage.
You barely miss the vampire mosquito. The vampire mosquito barely misses you.
The vampire mosquito closely misses you.
You barely miss the vampire mosquito. The vampire mosquito bites you.
The vampire mosquito draws strength from your injuries!
The vampire mosquito bites you.
The vampire mosquito draws strength from your injuries!
The vampire mosquito bites you!
* * * LOW HITPOINT WARNING * * *
The vampire mosquito draws strength from your injuries!
Unknown command.
You miss the vampire mosquito. The vampire mosquito bites you.
* * * LOW HITPOINT WARNING * * *
The vampire mosquito draws strength from your injuries!
The vampire mosquito bites you!
* * * LOW HITPOINT WARNING * * *
The vampire mosquito draws strength from your injuries!
Unknown command.
You feel better. The vampire mosquito bites you!
* * * LOW HITPOINT WARNING * * *
The vampire mosquito draws strength from your injuries!
The vampire mosquito closely misses you.
You block the vampire mosquito's attack.
You hit the vampire mosquito. You freeze the vampire mosquito.
The vampire mosquito is moderately damaged.
You block the vampire mosquito's attack.
The vampire mosquito bites you but does no damage. x2
You barely miss the vampire mosquito.
The vampire mosquito is lightly damaged.
You block the vampire mosquito's attack.
The vampire mosquito barely misses you.
Unknown command.
You slash the vampire mosquito! You freeze the vampire mosquito.
The vampire mosquito is severely damaged.
The vampire mosquito bites you.
You die...

....#
###...#########.###.#.#####
....# ###......####.#...#.# #
######### ######......#.###.#
# ........# #####.....#..# #
........# ######.##...>## #
......y.#######...##.....#.#
##...........##...########.#
.+................# #....#
##.........)...y@.#####.#####
##.........)................#
########..)).....#...####.#.#
.# ######.....#...+....#.# .#
#..........#...###....# .#
#.###......#........(## ^#
#.# #......#...####### .#
#.#####....#...# .#
#....##....#...#


You could see a vampire mosquito (fast).

Vanquished Creatures
  Pikel (D:4)
  2 vampire mosquitoes (D:7)
  A steam dragon (D:6)
  A water moccasin (D:4)
  Pargi (D:4)
  An ice beast (D:6)
  2 black bears
  A lemure (D:4)
  A phantom (D:4)
  A kobold brigand (D:7)
  A scorpion (D:4)
  3 wights (D:6)
  A quasit (D:4)
  A jelly (D:5)
  5 hounds
  An orc priest (D:7)
  2 gnoll boudas
  7 sleepcaps
  Natasha (thrice) (D:4)
  4 iguanas
  An orc wizard (D:6)
  15 gnolls
  10 adders
  A shadow imp (D:4)
  5 white imps (D:5)
  2 ufetubi (D:5)
  4 worms
  2 dart slugs
  14 orcs
  6 ball pythons
  8 endoplasms
  8 goblins
  6 hobgoblins
  3 quokkas
  5 bats
  2 frilled lizards
  8 kobolds
  4 rats
144 creatures vanquished.

Vanquished Creatures (others)
  2 gnolls (D:6)
2 creatures vanquished.

Grand Total: 146 creatures vanquished

Notes
Turn   | Place    | Note
-------+----------+-------------------------------------------
     0 | D:1      | MacCMillion the Hill Orc Fighter began the quest for the
                  | Orb.
     0 | D:1      | Reached XP level 1. HP: 19/19 MP: 1/1
   108 | D:1      | Reached skill level 3 in Axes
   109 | D:1      | Reached XP level 2. HP: 26/26 MP: 2/2
   460 | D:2      | Reached XP level 3. HP: 27/31 MP: 1/3
   813 | D:2      | Reached skill level 4 in Axes
   856 | D:2      | Found Pavea's Jewellery Shop.
  1146 | D:2      | Reached XP level 4. HP: 39/39 MP: 4/4
  1987 | D:4      | Noticed Natasha
  1993 | D:4      | Killed Natasha
  1994 | D:4      | Reached skill level 5 in Axes
  2144 | D:4      | Reached skill level 6 in Axes
  2144 | D:4      | Reached XP level 5. HP: 45/45 MP: 5/5
  2149 | D:4      | Noticed a lemure
  2192 | D:4      | Noticed Pargi
  2206 | D:4      | Reached skill level 7 in Axes
  2209 | D:4      | Killed Pargi
  2210 | D:4      | Reached skill level 8 in Axes
  2210 | D:4      | Reached XP level 6. HP: 24/51 MP: 6/6
  2498 | D:4      | Noticed Pikel
  2511 | D:4      | Killed Pikel
  2512 | D:4      | Reached skill level 10 in Axes
  2512 | D:4      | Reached XP level 7. HP: 44/59 MP: 7/7
  2633 | D:4      | Noticed Natasha
  2637 | D:4      | Found a radiant altar of Vehumet.
  2646 | D:4      | Killed Natasha
  2726 | D:4      | Reached XP level 8. HP: 66/67 MP: 8/8
  2968 | D:4      | Noticed Natasha
  2972 | D:4      | Killed Natasha
  2993 | D:5      | Entered Level 5 of the Dungeon
  3012 | D:4      | Reached skill level 5 in Fighting
  3132 | D:5      | Reached skill level 5 in Armour
  3525 | D:5      | Reached skill level 11 in Axes
  4503 | D:6      | Reached XP level 9. HP: 62/78 MP: 9/9
  5100 | D:6      | Reached skill level 12 in Axes
  5213 | D:6      | Found a staircase to the Ecumenical Temple.
  5278 | Temple   | Entered the Ecumenical Temple
  5296 | Temple   | Became a worshipper of Qazlal Stormbringer
  5597 | D:7      | Reached skill level 1 in Invocations
  5875 | D:7      | Identified the +0 quarterstaff of the Nurturing Gods
                  | {flame, *Rage rN++ Dex+5}
  6184 | D:7      | Identified a scroll of acquirement
  6184 | D:7      | Acquired a +2 heavy broad axe
  6587 | D:7      | Found a runed translucent door.
  6588 | D:7      | Noticed Crazy Yiuf
  6676 | D:7      | Found Cheibriados's Comfort Zone.
  6679 | D:7      | Found a snail-covered altar of Cheibriados.
  6910 | D:7      | HP: 4/81 [vampire mosquito (9)]
  6914 | D:7      | Slain by a vampire mosquito

Illustrated notes

Levels and vault maps discovered:
D:1:      onia_arrival_pyramid, layout_rooms, minmay_indecisive_spiral
D:2:      wander_river, layout_loops_cross, serial_shops, shop_fountains,
          minmay_hexomino_p4
D:3:      layout_loops_cross, minmay_misc_feat_enclosed
D:4:      layout_loops_ring, nicolae_vehumet_radiance,
          hangedman_decor_diamond_cutter, uniq_pikel, uniq_natasha, uniq_pargi
D:5:      layout_loops_ring, serial_demonic, serial_demonic_e, serial_demonic_d,
          serial_demonic_e, serial_demonic_e
D:6:      layout_cave_pools, minmay_temple_entry_tees
D:7:      layout_basic, minmay_shop_chei, uniq_crazy_yiuf_cottage
Temple:   nicolae_temple_bog_church

Skill      XL: |  1  2  3  4  5  6  7  8  9 |
---------------+----------------------------+-----
Axes           | 3 4 6 8 10 11 12 | 12.0
Shields        | 4 |  4.0
Fighting       | 4 6 8 |  8.0
Armour         | 4 6 7 |  7.6
Invocations    | 3 |  3.3

Action                     |  1- 3 |  4- 6 |  7- 9 || total
---------------------------+-------+-------+-------++-------
  Melee: War axe           |   100 |    76 |   321 ||   497
    Use: Potion            |       |     2 |     2 ||     4
         Scroll            |       |       |     8 ||     8
 Armour: Scale mail        |    46 |    19 |    91 ||   156
  Dodge: Dodged            |    36 |    32 |   124 ||   192
  Block: Buckler           |    30 |    22 |   148 ||   200
         Reflection        |       |       |     4 ||     4
